AoeStats
← [LCDR] Alone

Arena

510187376Analyzed
4v4 RM · 3d ago on Sep 29, 2026· 38m 12s· 8 players
Game mode
Random Map
Map size
Large (8 player)
Population
200
Speed
Normal
Resources
Standard
Victory
Conquest
Starting age
Dark Age
Ending age
Imperial Age
RankedLock teamsTeams togetherTeam positionsShared explorationLock speedFull tech treeHidden civsTurbo modeCheats
Victory
Defeat
🇦🇷 Spanish · Argentina
1548
+13
🇺🇸 Cumans · United States
1495
+15
🇦🇷 Turks · Argentina
1482
+15
🇸🇮 Italians · Slovenia
1454
+17
🇧🇷 Celts · Brazil
1648
-22
🇧🇷 Franks · Brazil
1443
-14
🇧🇷 Portuguese · Brazil
1426
-13
🇧🇷 Spanish · Brazil
1361
-11
[LCDR] Alone
10:23 Feudal Age
14:15 Castle Age
12:12 Double-Bit Axe
12:27 Horse Collar
15:12 Bow Saw
17:35 Wheelbarrow
20:52 Loom
21:24 Hand Cart
25:56 Imperial Age
24:08 Scale Mail Armor
24:17 Gold Mining
25:58 Forging
26:08 Chain Mail Armor
26:00 Capped Ram
27:06 Padded Archer Armor
27:53 Plate Mail Armor
26:48 Pikeman
27:17 Halberdier
29:14 Conscription
30:15 Iron Casting
29:32 Siege Ram
[LCDR]Zuru
10:20 Feudal Age
9:33 Loom
14:28 Castle Age
14:01 Double-Bit Axe
14:58 Double-Bit Axe
23:13 Bow Saw
24:07 Sanctity
23:52 Padded Archer Armor
24:58 Leather Archer Armor
31:41 Wheelbarrow
[LCDR]bikael15
7:20 Loom
10:25 Feudal Age
15:19 Castle Age
13:55 Double-Bit Axe
15:10 Horse Collar
16:17 Wheelbarrow
17:02 Bow Saw
22:08 Heavy Plow
30:01 Imperial Age
29:22 Fortified Wall
32:04 Chemistry
31:20 Fletching
TitinhoLumbriga
10:37 Feudal Age
14:27 Castle Age
12:45 Double-Bit Axe
14:40 Loom
15:32 Bow Saw
22:31 Wheelbarrow
27:29 Imperial Age
25:17 Gold Mining
25:52 Town Watch
27:35 Cavalier
28:45 Paladin
29:29 Husbandry
29:36 Scale Barding Armor
29:42 Forging
30:12 Gold Shaft Mining
31:26 Chain Barding Armor
31:42 Iron Casting
32:23 Chivalry
32:44 Conscription
34:00 Plate Barding Armor
34:26 Blast Furnace
35:41 Chemistry
35:07 Hand Cart
boo
8:29 Feudal Age
8:58 Double-Bit Axe
11:48 Horse Collar
20:03 Castle Age
18:53 Gold Mining
21:44 Wheelbarrow
21:20 Bow Saw
21:12 Heavy Plow
22:51 Gold Shaft Mining
22:38 Stone Mining
23:10 Hand Cart
25:41 Loom
25:42 Town Watch
28:28 Imperial Age
26:44 Scale Barding Armor
26:50 Forging
27:11 Bloodlines
28:01 Chain Barding Armor
27:57 Steppe Husbandry
29:36 Elite Steppe Lancer
31:14 Iron Casting
31:28 Plate Barding Armor
33:58 Blast Furnace
35:35 Two-Man Saw
Mr_Yo Yi
11:36 Feudal Age
15:18 Castle Age
13:11 Double-Bit Axe
13:27 Horse Collar
14:19 Gold Mining
19:48 Imperial Age
19:01 Bow Saw
28:29 Fervor
28:58 Heavy Plow
29:43 Stone Mining
31:44 Gold Shaft Mining
33:09 Wheelbarrow
32:21 Loom
32:21 Town Watch
34:12 Two-Man Saw
33:57 Scale Barding Armor
34:02 Forging
34:54 Coinage
35:01 Bloodlines
34:51 Husbandry
35:14 Chain Barding Armor
35:21 Hand Cart
34:41 Heavy Camel Rider
36:58 Iron Casting
37:32 Plate Barding Armor
Mr. Weedman
10:54 Feudal Age
14:35 Castle Age
12:43 Double-Bit Axe
13:29 Horse Collar
17:30 Loom
23:25 Wheelbarrow
26:45 Imperial Age
24:30 Fletching
24:41 Padded Archer Armor
25:46 Bodkin Arrow
26:07 Leather Archer Armor
26:12 Stone Mining
27:46 Ballistics
28:32 Chemistry
29:58 Ballistics
30:24 Bracer
35:02 Ring Archer Armor
34:40 Thumb Ring
35:35 Elite Genoese Crossbowman
Chauchh
10:29 Feudal Age
14:53 Castle Age
12:54 Double-Bit Axe
12:50 Horse Collar
16:28 Fletching
19:05 Padded Archer Armor
24:37 Leather Archer Armor
27:55 Bodkin Arrow
29:30 Loom
30:21 Wheelbarrow
31:49 Bow Saw
31:39 Heavy Plow
35:58 Hand Cart
35:28 Town Watch
35:53 Scale Barding Armor
39:27 Imperial Age
38:28 Stone Mining
38:28 Gold Mining
Connection lost

Rejoining the realm…

Still unreachable

The connection could not be restored.

Session expired

The server has moved on; the page needs a fresh start.